 Dungeon Crawl Stone Soup version 0.30-a0-557-ge2afbf3030 (webtiles) character file.

Game seed: 13393432443096570236

315047 Zonian the Basher (level 21, -7/125 (127) HPs)
             Began as a Vine Stalker Brigand on Dec 27, 2022.
             Was a High Priest of Ashenzari.
             Shot with an arrow by a deep elf archer (16 damage)
             ... on level 3 of the Elven Halls.
             The game lasted 03:21:27 (46723 turns).

Zonian the Basher (Vine Stalker Brigand)           Turns: 46723, Time: 03:21:27

HP:   -7/125 (127)  AC: 24    Str: 17    XL:     21   Next: 37%
MP:   0/53          EV: 19    Int: 17    God:    Ashenzari [*****.]
Gold: 1595          SH: 15    Dex: 30    Spells: 1/56 levels left

rFire   + . .      SeeInvis +    b - +10 whip "Ujops" {protect, rElec Will- Dex+6 Stlth+}
rCold   + . .      Faith    .    j - +2 buckler "Sibylline Annoyance" {reflect, Self, Range} (curse)
rNeg    . . .      Spirit   +    A - +3 swamp dragon scales "Enigmatic Mistrust" {rPois, Elem, Self} (curse)
rPois   +          Reflect  +    C - -2 hat "Ensconced Together" {rElec Slay+4, Cun, Self} (curse)
rElec   +          Harm     .    Q - scarf "Share My Oracle" {rC+ rF+, Elem, Evo} (curse)
rCorr   .          Rampage  .    V - +1 pair of gloves "Mantic Loss" {Stlth+, Comp, Evo} (curse)
Will    +....      Clarity  +    x - +2 pair of boots "Share My Embarrassment" {Melee, Alch} (curse)
Stlth   +++++++                  k - amulet of Ashenzari's Pragmatism {Reflect SH+5, Self, Bglg} (curse)
HPRegen 1.20/turn                E - ring "Chained Affliction" {MP+9, Self, Alch} (curse)
MPRegen 0.33/turn                i - ring of the Chained Nihilism {Dex+6, Self, Fort} (curse)

@: under a protective aura, lightly drained
A: fangs 3, regeneration 1, magic shield, antimagic bite, no potion heal 2
}: 2/15 runes: barnacled, gossamer
a: Renounce Religion, Curse Item, Shatter the Chains


You were on level 3 of the Elven Halls.
You worshipped Ashenzari.
Ashenzari was extremely pleased with you.
You visited 7 branches of the dungeon, and saw 34 of its levels.
You visited the Abyss 1 time.

You collected 3407 gold pieces.
You spent 1812 gold pieces at shops.

Inventory:

Hand Weapons
 a - a +9 dagger of venom
 b - the +10 whip "Ujops" (weapon) {protect, rElec Will- Dex+6 Stlth+}
   (You found it on level 4 of the Dungeon)

   It grants its wielder temporary protection when it strikes (+7 to AC).
   Dex:       It affects your dexterity (+6).
   rElec:     It insulates you from electricity.
   Will:      It decreases your willpower.
   Stlth:     It makes you more stealthy.
 r - the +1 flail of the Beginning {vamp, SInv}
   (You bought it in a shop on level 2 of the Orcish Mines)

   It occasionally heals its wielder for a portion of the damage dealt when it
   wounds a living foe.
   SInv:      It lets you see invisible.
 s - the +5 sling "Fogour" {speed, rCorr Str+4}
   (You bought it in a shop on level 4 of the Shoals)

   Attacks with this weapon are significantly faster.
   Str:       It affects your strength (+4).
   rCorr:     It protects you from acid and corrosion.
Missiles
 d - 92 poisoned darts (quivered)
 e - 3 curare-tipped darts
 g - 5 throwing nets
 F - 13 silver boomerangs
 N - 13 javelins
 S - a boomerang of dispersal
Armour
 j - the cursed +2 buckler "Sibylline Annoyance" (worn) {reflect, Self, Range}
   (You acquired it on level 3 of the Dungeon)

   It has a curse which improves the following skills: Introspection: Fighting
   and Spellcasting.
   Ranged Combat: Ranged Weapons and Throwing.
 x - the cursed +2 pair of boots "Share My Embarrassment" (worn) {Melee, Alch}
   (You found it on level 11 of the Dungeon)

   It has a curse which improves the following skills: Melee Combat: Short
   Blades, Long Blades, Axes, Maces & Flails, Polearms, Staves and Unarmed
   Combat.
   Alchemy:   Poison Magic and Transmutations.
 A - the cursed +3 swamp dragon scales "Enigmatic Mistrust" (worn) {rPois, Elem, Self}
   (You found it on level 3 of the Lair of Beasts)

   rPois:     It protects you from poison.
   It has a curse which improves the following skills: Elements: Fire Magic, Ice
   Magic, Air Magic and Earth Magic.
   Introspection: Fighting and Spellcasting.
 C - the cursed -2 hat "Ensconced Together" (worn) {rElec Slay+4, Cun, Self}
   (You found it on level 4 of the Spider Nest)

   Slay:      It affects your accuracy & damage with ranged weapons and melee
   (+4).
   rElec:     It insulates you from electricity.
   It has a curse which improves the following skills: Cunning: Dodging and
   Stealth.
   Introspection: Fighting and Spellcasting.
 Q - the cursed scarf "Share My Oracle" (worn) {rC+ rF+, Elem, Evo}
   (You found it on level 4 of the Spider Nest)

   It has a curse which improves the following skills: Elements: Fire Magic, Ice
   Magic, Air Magic and Earth Magic.
   Evocations: Evocations.
 V - the cursed +1 pair of gloves "Mantic Loss" (worn) {Stlth+, Comp, Evo}
   (You found it on level 4 of the Spider Nest)

   It has a curse which improves the following skills: Companions: Summonings
   and Necromancy.
   Evocations: Evocations.
Magical Staves
 Y - a staff of conjuration
Jewellery
 i - the cursed ring of the Chained Nihilism (right hand) {Dex+6, Self, Fort}
   (You found it on level 14 of the Dungeon)

   [ring of dexterity]

   Dex:       It affects your dexterity (+6).
   It has a curse which improves the following skills: Introspection: Fighting
   and Spellcasting.
   Fortitude: Armour and Shields.
 k - the cursed amulet of Ashenzari's Pragmatism (around neck) {Reflect SH+5, Self, Bglg}
   (You found it on level 4 of the Dungeon)

   [amulet of reflection]

   It reflects blocked missile attacks.
   SH:        It affects your SH (+5).
   It has a curse which improves the following skills: Introspection: Fighting
   and Spellcasting.
   Beguiling: Conjurations, Hexes and Translocations.
 D - a ring of protection from fire
 E - the cursed ring "Chained Affliction" (left hand) {MP+9, Self, Alch}
   (You found it on level 8 of the Dungeon)

   [ring of magical power]

   MP:        It affects your magic capacity (+9).
   It has a curse which improves the following skills: Introspection: Fighting
   and Spellcasting.
   Alchemy:   Poison Magic and Transmutations.
 H - a +6 ring of dexterity
Wands
 h - a wand of quicksilver (3)
 y - a wand of digging (6)
 z - a wand of polymorph (13)
 I - a wand of charming (22)
 M - a wand of flame (19)
 U - a wand of iceblast (3)
Scrolls
 l - a scroll of enchant armour
 o - 4 scrolls of enchant weapon
 w - 3 scrolls of magic mapping
 B - 4 scrolls of teleportation
 G - a scroll of poison
 K - a scroll of brand weapon
 O - 2 scrolls of silence
Potions
 f - 7 potions of flight
 m - 2 potions of resistance
 n - 3 potions of cancellation
 p - 3 potions of lignification
 q - 12 potions of curing
 t - 5 potions of attraction
 u - 3 potions of haste
 v - 3 potions of brilliance
 P - a potion of invisibility
 T - a potion of berserk rage
 X - 9 potions of ambrosia
 Z - a potion of might
Miscellaneous
 c - a tin of tremorstones (2/2)
 J - a lightning rod (3/4)
 R - a box of beasts


   Skills:
 - Level 12.4(19.7) Fighting
 - Level 7.6(10.0) Short Blades
 - Level 12.7(15.0) Maces & Flails
 - Level 4.1(6.2) Throwing
 - Level 7.6(10.0) Armour
 - Level 6.7(9.1) Dodging
 - Level 8.4(10.7) Stealth
 - Level 4.0(6.1) Shields
 - Level 10.8(18.0) Spellcasting
 - Level 10.3(12.6) Conjurations
 + Level 9.0(11.3) Hexes
 - Level 9.6(12.0) Summonings
 - Level 6.9(9.3) Translocations
 - Level 10.9(14.4) Ice Magic
 - Level 5.7(9.1) Air Magic
 - Level 7.9(11.4) Earth Magic
 - Level 7.3(10.8) Evocations


You had one spell level left.
You knew the following spells:

 Your Spells              Type           Power      Damage    Failure   Level
a - Foxfire               Conj/Fire      100%       2x1d9     1%          1
b - Frozen Ramparts       Ice            100%       1d16      1%          3
c - Kiss of Death         Conj/Necr      100%       2d13      1%          1
d - Confusing Touch       Hex            52%        N/A       1%          3
e - Dazzling Flash        Conj/Hex       100%       N/A       1%          3
f - Tukima's Dance        Hex            52%        N/A       1%          3
g - Iskenderun's Mystic   Conj/Tloc      51%        2d11      1%          4
h - Hailstorm             Conj/Ice       57%        3d12      1%          3
i - Stone Arrow           Conj/Erth      100%       3d13      1%          3
j - Cause Fear            Hex            26%        N/A       1%          4
k - Searing Ray           Conj           100%       2d8       1%          2
l - Metabolic Englaciati  Hex/Ice        28%        N/A       1%          5
m - Freezing Cloud        Conj/Ice/Air   27%        6-21      1%          5
n - Summon Forest         Summ/Tloc      25%        N/A       2%          5
o - Lee's Rapid Deconstr  Erth           26%        3d14*     1%          5
p - Summon Mana Viper     Hex/Summ       53%        N/A       1%          5

Your spell library contained the following spells:

 Spells                   Type           Power      Damage    Failure   Level
 Freeze                   Ice            100%       1d10      1%          1
 Magic Dart               Conj           100%       1d8       1%          1
 Sandblast                Erth           100%       2d20      1%          1
 Summon Small Mammal      Summ           100%       N/A       1%          1
 Call Imp                 Summ           54%        N/A       1%          2
 Passwall                 Tmut/Erth      29%        N/A       1%          2
 Call Canine Familiar     Summ           54%        N/A       1%          3
 Inner Flame              Hex/Fire       35%        N/A       1%          3
 Kindle Blastsparks       Fire/Tloc/Air  72%        2d16      1%          3
 Ozocubu's Armour         Ice            59%        N/A       1%          3
 Portal Projectile        Hex/Tloc       100%       N/A       1%          3
 Summon Guardian Golem    Hex/Summ       53%        N/A       1%          3
 Airstrike                Air            23%        2d(4-20)  1%          4
 Fulminant Prism          Conj/Hex       27%        3d14      1%          4
 Leda's Liquefaction      Hex/Erth       26%        N/A       1%          4
 Passage of Golubria      Tloc           47%        N/A       1%          4
 Summon Lightning Spire   Summ/Air       50%        N/A       1%          4
 Lightning Bolt           Conj/Air       25%        1d41      2%          5
 Cigotuvi's Dreadful Rot  Necr/Pois/Air  52%        N/A       3%          2
 Silence                  Hex/Air        25%        N/A       3%          5
 Flame Wave               Conj/Fire      37%        2d10      5%          4
 Petrify                  Tmut/Erth      35%        N/A       7%          4
 Summon Cactus Giant      Summ           27%        N/A       9%          6
 Wereblood                Tmut           16%        N/A       10%         2
 Sublimation of Blood     Necr           16%        N/A       11%         2
 Fireball                 Conj/Fire      18%        3d9       14%         5
 Ignite Poison            Fire/Tmut/Pois 16%        N/A       19%         3
 Yara's Violent Unravell  Hex/Tmut       17%        3d8       19%         5
 Ozocubu's Refrigeration  Ice            29%        4d14      19%         7
 Orb of Destruction       Conj           27%        9d9       34%         7
 Spellforged Servitor     Conj/Summ      27%        N/A       38%         7
 Summon Hydra             Summ           27%        N/A       43%         7
 Olgreb's Toxic Radiance  Pois           16%        N/A       54%         4
 Dispel Undead            Necr           16%        3d10      56%         4
 Starburst                Conj/Fire      18%        6d7       63%         6
 Statue Form              Tmut/Erth      23%        N/A       71%         6
 Blade Hands              Tmut           8%         N/A       87%         5
 Agony                    Necr           16%        N/A       88%         5
 Lehudib's Crystal Spear  Conj/Erth      27%        10d7      98%         8
 Discord                  Hex            26%        N/A       99%         8
 Death Channel            Necr           8%         N/A       100%        6
 Eringya's Noxious Bog    Tmut/Pois      8%         N/A       100%        6
 Ignition                 Fire           8%         3d5       100%        8


Dungeon Overview and Level Annotations

Branches:
Dungeon (15/15)            Temple (1/1) D:5            Lair (5/5) D:9
 Shoals (4/4) Lair:3       Spider (4/4) Lair:2        Slime (0/5) Lair:4
    Orc (2/2) D:9             Elf (3/3) Orc:2        Vaults (0/5) D:13
 Depths (0/4) D:15

Altars:
Ashenzari
Cheibriados
Dithmenos
Elyvilon
Fedhas
Gozag
Hepliaklqana
Kikubaaqudgha
Makhleb
Nemelex Xobeh
Okawaru
Qazlal
Ru
Sif Muna
Trog
Uskayaw
Vehumet
Wu Jian
Xom
Yredelemnul
Zin
The Shining One
Jiyva

Shops:
D:9 *   D:14 *   D:15 *   Orc:2 ?**(:   Shoals:2 *=   Shoals:3 [(**
Shoals:4 ((

Portals:
Pandemonium: Orc:2

Annotations:
D:7 3 runed translucent doors, exclusion: oklob plant, Squincus's ghost, novice MiHu
D:9 3 runed translucent doors, Cancer's ghost, journeyman BaIE
D:15 3 runed translucent doors, Rupert; drugrobin's ghost, journeyman DgDe
Lair:3 exclusion: oklob plant
Shoals:2 3 runed translucent doors, exclusion: obsidian statue, Zuxu Cyl's ghost, adept GrEE
Elf:2 11 runed translucent doors, exclusion: door


Innate Abilities, Weirdness & Mutations

You have razor-sharp teeth.
Your natural rate of healing is unusually fast.
When hurt, damage is shared between your health and your magic reserves.
Your bite disrupts and absorbs the magic of your enemies.
Potions cannot restore your health.


Message History

Okay, then.
Okay, then.
Okay, then.
Unknown command.
Okay, then.
Okay, then.
Okay, then.
Aiming: Quicksilver Bolt
Press: ? - help, Shift-Dir - straight line, f - deep elf archer
Aim: a deep elf archer, wielding a +0 shortbow and wearing a +0 leather armour (moderately wounded, repelling missiles, 46% to hit)
Okay, then.
Aiming: Thunderbolt
Press: ? - help, Shift-Dir - straight line, f - deep elf archer
Aim: a deep elf archer, wielding a +0 shortbow and wearing a +0 leather armour (moderately wounded, repelling missiles)
Okay, then.
Unknown command.
Okay, then.
Aiming: Iceblast
Press: ? - help, Shift-Dir - straight line, f - deep elf archer
Aim: a deep elf archer, wielding a +0 shortbow and wearing a +0 leather armour (moderately wounded, repelling missiles)
The mass of ice explodes!
The iceblast engulfs the deep elf archer!
The deep elf archer is heavily wounded.
You hear a hideous shriek!
The deep elf archer shoots an arrow.
You reflect the arrow off your cursed +2 buckler "Sibylline Annoyance" {reflect, Self, Range}!
The arrow misses the deep elf archer.
The deep elf pyromancer gestures wildly while chanting.
The deep elf knight shoots an arrow.
The arrow closely misses you.
You hear a shout!
Aiming: Iceblast
Press: ? - help, Shift-Dir - straight line, f/p - deep elf archer
Aim: a deep elf archer, wielding a +0 shortbow and wearing a +0 leather armour (heavily wounded, repelling missiles)
The mass of ice explodes!
The iceblast engulfs the deep elf archer!
The deep elf archer is severely wounded.
The deep elf pyromancer casts a spell at you.
You hear a sizzling sound!
The deep elf archer shoots an arrow.
The arrow hits you!!
You die...

* * ,, , * ** ,, + * , *
.. * * * * #e## * * ** *
#ee.#* ## *#.)E.. **
###.### #)).)E. *** *
##+.....### ##§...... , *
#.........###)......$, ,
* #.........##.@.....##*
* , ,
#....♣....'').).....#,*,*
* ,
#.........##§.§.e.)#.* *
* * *
#.....<...##..§○.§.##. ,
, , *
#+#.....####..§§§e.#y ,
{* ,** , *,
###.#######)§§§..##{#.#.*
, ,,+
###....E##)....#?#.#B#.,
,,*
#.......+#....########, ,
,, .........#♣♣.......B{{


You could see a deep elf annihilator, a deep elf archer (repels missiles), a
deep elf knight, a water elemental, 2 deep elf pyromancers, 2 fire elementals
and a vampire mosquito.

Vanquished Creatures
  Arachne (Spider:3)
  Kirke (D:13)
  6 emperor scorpions
  5 ghost moths
  2 deep elf sorcerers (Elf:3)
  A deep elf elementalist (Elf:3)
  A broodmother (Spider:4)
  2 deep elf demonologists (Elf:3)
  A dire elephant (D:15)
  2 spark wasps
  2 deep elf annihilators
  An ettin (Orc:2)
  2 deep elf death magi (Elf:3)
  4 merfolk javelineers
  10 merfolk impalers
  3 deep elf high priests (Elf:2)
  3 entropy weavers
  3 vault guards (D:13)
  3 hydras
  4 centaur warriors
  3 demonspawn (Orc:2)
  3 catoblepae
  2 merfolk avatars
  A jorogumo (Spider:3)
  An ogre mage (D:15)
  2 alligator snapping turtles
  A radroach (Spider:4)
  10 dancing weapons
  3 merfolk aquamancers (Shoals:4)
  6 boulder beetles
  11 two-headed ogres
  A deep troll shaman (Lair:5)
  A tengu warrior (D:15)
  11 death yaks (Lair:5)
  3 satyrs
  Urug (D:11)
  6 orc high priests
  Sonja (Orc:1)
  15 deep elf knights
  10 pharaoh ants
  13 sea snakes
  2 sun moths
  7 skeletal warriors
  A glowing orange brain (shapeshifter) (Elf:1)
  4 steelbarb worms
  9 orb spiders
  A large abomination (Abyss:2)
  Pikel (D:8)
  A wizard (D:15)
  13 deep elf archers
  21 deep elf pyromancers
  19 harpies
  20 wolf spiders
  6 orc knights
  14 deep elf zephyrmancers
  7 orc sorcerers
  17 manticores
  3 ugly things
  A salamander (D:15)
  7 cyclopes
  9 fauns
  3 moths of wrath
  7 merfolk sirens
  4 torpor snails
  4 water nymphs
  7 cane toads
  13 elephants
  Maggie (D:6)
  A rust devil (Orc:2)
  A gargoyle (D:13)
  Psyche (D:8)
  12 demonic crawlers
  3 rime drakes
  7 komodo dragons
  A kobold demonologist (D:11)
  2 unseen horror zombies (D:9)
  An ice devil (Orc:2)
  8 meliai
  5 polar bears
  4 hornets (Spider:4)
  A burning bush (Lair:1)
  7 wind drakes
  2 trolls
  39 merfolk
  3 raiju (Abyss:2)
  21 tarantellas
  10 slime creatures
  7 snapping turtles
  19 blink frogs
  4 dream sheep
  17 jumping spiders
  3 air elementals
  A centaur simulacrum (D:14)
  24 culicivoras
  10 water elementals
  6 wyverns
  3 shadows
  2 hogs (D:13)
  39 yaks
  3 fire elementals (Elf:1)
  7 humans (D:13)
  2 wraiths
  57 redbacks
  6 basilisks
  A chaos spawn (Orc:2)
  5 vampire mosquitoes
  3 acid dragons
  3 wargs
  18 water moccasins
  An ice beast (D:7)
  34 orc warriors
  4 black bears
  7 ogres
  4 boggarts (D:14)
  19 wolves
  7 centaurs
  A lemure (D:7)
  2 phantoms
  3 kobold brigands
  A necrophage (D:7)
  11 bullfrogs
  2 scorpions (Lair:2)
  2 gnoll sergeants (D:8)
  3 earth elementals
  A wight (D:9)
  3 jellies
  4 killer bees (D:11)
  7 electric eels
  4 howler monkeys
  A crimson imp (D:4)
  5 hounds
  A gnoll bouda (D:7)
  40 orc priests
  2 iguanas
  29 orc wizards
  Natasha (twice) (D:2)
  Robin (D:2)
  18 gnolls
  6 adders
  A white imp (D:7)
  An ufetubus (D:5)
  5 worms
  2 dart slugs
  97 orcs
  10 endoplasms
  9 giant cockroaches
  15 goblins
  12 hobgoblins
  4 jackals (D:1)
  21 kobolds
  4 quokkas
  9 ball pythons
  6 bats
  3 frilled lizards
  2 goblin skeletons (D:4)
  A goblin zombie (D:4)
  A hobgoblin zombie (D:4)
  A kobold skeleton (D:4)
  A kobold zombie (D:4)
  An orc zombie (D:4)
  5 rats
1169 creatures vanquished.

Vanquished Creatures (collateral kills)
  A dire elephant (Lair:5)
  2 deep elf knights (Elf:3)
  A skeletal warrior (D:15)
  A deep elf archer (Elf:3)
  A deep elf pyromancer (Elf:3)
  A deep elf zephyrmancer (Elf:3)
  An orc sorcerer (Elf:3)
  A wolf spider (D:15)
  An orc (D:15)
10 creatures vanquished.

Vanquished Creatures (others)
  A vault guard (D:13)
  A deep elf pyromancer (Elf:2)
  A wolf spider (Spider:1)
  A human (D:13)
  2 orc wizards
  111 foxfires
  22 fungi
  98 plants
  5 snaplasher vines (Elf:3)
242 creatures vanquished.

Grand Total: 1421 creatures vanquished

Notes
Turn   | Place    | Note
-------+----------+-------------------------------------------
     0 | D:1      | Zonian the Vine Stalker Brigand began the quest for the
                  | Orb.
     0 | D:1      | Reached XP level 1. HP: 11/11 MP: 2/2
     6 | D:1      | Noticed a snapping turtle
     6 | D:1      | Noticed a swamp worm
     6 | D:1      | Noticed a wyvern
     6 | D:1      | Noticed a hog
     6 | D:1      | Noticed a polar bear
    57 | D:1      | Reached skill level 5 in Stealth
   151 | D:1      | Reached XP level 2. HP: 14/15 MP: 3/3
   309 | D:1      | Found a faded altar of an unknown god.
   377 | D:1      | Reached XP level 3. HP: 17/18 MP: 4/4
  1039 | D:2      | Noticed Robin
  1255 | D:2      | You fall into a shaft and drop 2 floors!
  1311 | D:4      | Identified the +10 whip "Ujops" {protect, rElec Will- Dex+6
                  | Stlth+}
  1417 | D:3      | Gained mutation: Your natural rate of healing is unusually
                  | fast. [Vine Stalker growth]
  1417 | D:3      | Reached XP level 4. HP: 23/23 MP: 5/5
  1486 | D:3      | Found a shimmering altar of Xom.
  1563 | D:3      | Reached XP level 5. HP: 26/26 MP: 6/6
  1563 | D:3      | Identified a scroll of acquirement
  1563 | D:3      | Acquired a +1 buckler of reflection
  1774 | D:2      | Noticed Natasha
  1783 | D:2      | Killed Natasha
  1869 | D:2      | Reached skill level 1 in Shields
  1887 | D:2      | Killed Robin
  2121 | D:2      | Reached XP level 6. HP: 30/30 MP: 7/7
  2299 | D:2      | Noticed Natasha
  2307 | D:2      | Killed Natasha
  2473 | D:4      | Found a glowing golden altar of the Shining One.
  2761 | D:4      | Reached XP level 7. HP: 34/34 MP: 5/8
  2929 | D:4      | Found a radiant altar of Vehumet.
  3339 | D:5      | Entered Level 5 of the Dungeon
  3856 | D:5      | Reached skill level 1 in Maces & Flails
  3856 | D:5      | Gained mutation: You have razor-sharp teeth. [Vine Stalker
                  | growth]
  3856 | D:5      | Reached XP level 8. HP: 38/38 MP: 9/9
  4175 | D:5      | Found a staircase to the Ecumenical Temple.
  4189 | Temple   | Entered the Ecumenical Temple
  4367 | Temple   | Became a worshipper of Ashenzari the Shackled
  4823 | D:6      | Noticed Maggie
  4843 | D:6      | Killed Maggie
  5125 | D:6      | Reached XP level 9. HP: 42/42 MP: 10/10
  5405 | D:6      | Found a sparkling altar of Nemelex Xobeh.
  5937 | D:7      | Found a runed translucent gate.
  5937 | D:7      | Found a runed translucent gate.
  5937 | D:7      | Found a runed translucent gate.
  5939 | D:7      | Noticed a kobold demonologist
  5940 | D:7      | Noticed Squincus's ghost (novice MiHu)
  6106 | D:7      | Found a blossoming altar of Fedhas.
  6124 | D:7      | Noticed an oklob plant
  6143 | D:8      | Noticed Pikel
  6249 | D:8      | Noticed Psyche
  6256 | D:8      | Killed Psyche
  6257 | D:8      | Reached skill level 5 in Fighting
  6521 | D:8      | Reached XP level 10. HP: 53/53 MP: 11/11
  6802 | D:8      | Killed Pikel
  7206 | D:8      | Reached * piety under Ashenzari
  7860 | D:9      | Found a staircase to the Orcish Mines.
  7866 | D:9      | Found a staircase to the Lair.
  7866 | D:9      | Noticed an elephant
  7887 | D:9      | Killed an elephant
  7996 | D:9      | Found Daxkotoa's Fire Supplies.
  8660 | D:9      | Found a runed translucent gate.
  8660 | D:9      | Found a runed translucent gate.
  8660 | D:9      | Found a runed translucent gate.
  8660 | D:9      | Identified the +7 dire flail of Ryximn {antimagic, rElec
                  | rF++ rN++}
  8660 | D:9      | Noticed Cancer's ghost (journeyman BaIE)
  8663 | D:9      | Found a basalt altar of Yredelemnul.
  8687 | D:9      | Reached skill level 10 in Fighting
  9024 | D:10     | Entered Level 10 of the Dungeon
  9146 | D:10     | Reached XP level 11. HP: 63/63 MP: 12/12
  9636 | D:10     | Found a shadowy altar of Dithmenos.
  9637 | D:10     | Found an ancient bone altar of Kikubaaqudgha.
  9705 | D:10     | Reached skill level 10 in Maces & Flails
  9776 | D:11     | Identified the +0 robe of the Beginning {rN+}
  9798 | D:11     | Reached skill level 1 in Dodging
  9886 | D:11     | Noticed a two-headed ogre
  9888 | D:11     | Killed a two-headed ogre
 10317 | D:11     | Noticed a two-headed ogre
 10332 | D:11     | Reached ** piety under Ashenzari
 10373 | D:11     | Killed a two-headed ogre
 11026 | D:11     | Noticed Urug
 11031 | D:11     | Killed Urug
 11032 | D:11     | Reached skill level 5 in Dodging
 11102 | D:11     | Learned a level 1 spell: Foxfire
 11178 | D:11     | Noticed a cyclops
 11183 | D:11     | Killed a cyclops
 11188 | D:11     | Noticed a two-headed ogre
 11200 | D:11     | Killed a two-headed ogre
 11478 | D:12     | Noticed a cyclops
 11491 | D:12     | Killed a cyclops
 11492 | D:12     | Reached XP level 12. HP: 62/71 MP: 13/13
 12519 | D:13     | Noticed a boulder beetle
 12559 | D:13     | Killed a boulder beetle
 12560 | D:13     | Reached skill level 1 in Spellcasting
 12560 | D:13     | Reached skill level 1 in Conjurations
 12563 | D:13     | Learned a level 2 spell: Searing Ray
 12739 | D:13     | Noticed a boulder beetle
 12785 | D:13     | Noticed a centaur warrior
 12815 | D:13     | Killed a centaur warrior
 12930 | D:13     | Killed a boulder beetle
 13113 | D:13     | Noticed a vault guard
 13113 | D:13     | Noticed a vault guard
 13149 | D:13     | Killed a vault guard
 13166 | D:13     | Killed a vault guard
 13199 | D:13     | Noticed a vault guard
 13203 | D:13     | Reached skill level 1 in Evocations
 13206 | D:13     | Killed a vault guard
 13224 | D:13     | Killed a vault guard
 13282 | D:13     | Found a gate to the Vaults.
 13285 | D:13     | Identified the +1 plate armour of Forking Paths {rCorr
                  | Str+3 Dex-3 Stlth+}
 13482 | D:13     | Found a white marble altar of Elyvilon.
 13832 | D:14     | Reached XP level 13. HP: 77/77 MP: 23/23
 14057 | D:14     | Reached skill level 1 in Armour
 14598 | D:14     | Found Saqiriulu's Assorted Antiques.
 14606 | D:14     | Bought a potion of curing for 96 gold pieces
 14810 | D:14     | Noticed Kirke
 16105 | D:15     | Entered Level 15 of the Dungeon
 16731 | D:15     | Noticed Rupert
 16808 | D:13     | Reached skill level 5 in Spellcasting
 16808 | D:13     | Reached skill level 5 in Conjurations
 16923 | Orc:1    | Entered Level 1 of the Orcish Mines
 17280 | Orc:1    | Noticed Sonja
 17303 | Orc:1    | Killed Sonja
 17456 | Orc:1    | Found a dark tunnel.
 17540 | Orc:1    | Learned a level 1 spell: Kiss of Death
 17578 | Orc:2    | Entered Level 2 of the Orcish Mines
 17582 | Orc:2    | Reached *** piety under Ashenzari
 17583 | Orc:2    | Found Histric's CLEARANCE SALE!.
 17735 | Orc:2    | Found a staircase to the Elven Halls.
 17847 | Orc:2    | Noticed an ettin
 18186 | Orc:2    | Found Ivuesk's Magic Scroll Emporium.
 18194 | Orc:2    | Found Ruupac's General Store.
 18815 | Orc:2    | Bought a scroll of fear for 60 gold pieces
 18815 | Orc:2    | Bought a potion of curing for 45 gold pieces
 18817 | Orc:2    | Bought a scroll of fear for 56 gold pieces
 18817 | Orc:2    | Bought a scroll of teleportation for 42 gold pieces
 19065 | Orc:2    | Killed an ettin
 19882 | Orc:1    | Reached XP level 14. HP: 84/84 MP: 28/28
 19974 | Orc:1    | Learned a level 3 spell: Confusing Touch
 20103 | Orc:2    | Reached skill level 1 in Hexes
 20571 | Orc:2    | Bought a scroll of silence for 142 gold pieces
 20790 | Orc:2    | Paralysed by an orc sorcerer for 2 turns
 21069 | Orc:2    | Found Papuroc's Antique Weapon Shop.
 21069 | Orc:2    | Found a one-way gate leading to the halls of Pandemonium.
 21069 | Orc:2    | Found Kudi's Book Boutique.
 21088 | Orc:2    | Bought a crystal flail for 289 gold pieces
 21088 | Orc:2    | Identified the +1 flail of the Beginning {vamp, SInv} (You
                  | bought it in a shop on level 2 of the Orcish Mines)
 21090 | Orc:2    | Bought a book of Spectacle for 352 gold pieces
 21094 | Orc:2    | Learned a level 3 spell: Dazzling Flash
 21098 | Orc:2    | Learned a level 3 spell: Tukima's Dance
 21103 | Orc:2    | Learned a level 4 spell: Iskenderun's Mystic Blast
 21931 | D:13     | Killed Kirke
 21932 | D:13     | Reached skill level 1 in Translocations
 22377 | D:15     | Reached skill level 5 in Hexes
 22419 | D:15     | Noticed a dire elephant
 22454 | D:15     | Killed a dire elephant
 22591 | D:15     | Found Inesif's General Store.
 22598 | D:15     | Bought a scroll of teleportation for 42 gold pieces
 22805 | D:15     | Found a staircase to the Depths.
 22823 | D:15     | Reached skill level 5 in Translocations
 23301 | D:15     | Reached **** piety under Ashenzari
 23332 | D:15     | Found a glowing silver altar of Zin.
 23332 | D:15     | Noticed an angel
 23429 | D:15     | Found a runed translucent gate.
 23429 | D:15     | Found a runed translucent gate.
 23430 | D:15     | Found a runed translucent gate.
 23431 | D:15     | Identified the +2 helmet "Rativvaidi" {-Tele rCorr Int+3}
 23433 | D:15     | Noticed drugrobin's ghost (journeyman DgDe)
 23571 | Lair:1   | Entered Level 1 of the Lair of Beasts
 23572 | Lair:1   | Found a snail-covered altar of Cheibriados.
 23604 | Lair:1   | Identified the amulet of Morality {Faith Fragile rPois
                  | Dex+6}
 23613 | Lair:1   | Reached XP level 15. HP: 91/91 MP: 31/31
 24874 | Lair:2   | Found a hole to the Spider Nest.
 25092 | Lair:2   | Learned a level 3 spell: Hailstorm
 25650 | Lair:3   | Found a staircase to the Shoals.
 25673 | Lair:3   | Reached skill level 1 in Ice Magic
 26971 | Lair:4   | Found a staircase to the Slime Pits.
 26971 | Lair:4   | Found a viscous altar of Jiyva.
 27265 | Lair:4   | Reached skill level 5 in Evocations
 27665 | Lair:5   | Entered Level 5 of the Lair of Beasts
 28669 | Lair:5   | Learned a level 3 spell: Stone Arrow
 28714 | Lair:5   | Reached skill level 1 in Earth Magic
 29109 | Lair:5   | Reached ***** piety under Ashenzari
 29255 | Lair:5   | Reached skill level 5 in Earth Magic
 29404 | Lair:5   | Learned a level 4 spell: Cause Fear
 29484 | Lair:5   | Reached XP level 16. HP: 97/97 MP: 32/32
 29499 | Lair:5   | Reached skill level 5 in Short Blades
 30039 | Spider:1 | Entered Level 1 of the Spider Nest
 30118 | Spider:1 | Reached skill level 5 in Armour
 31130 | Spider:1 | Learned a level 3 spell: Frozen Ramparts
 31136 | Spider:1 | Learned a level 5 spell: Metabolic Englaciation
 33608 | Spider:3 | Reached skill level 5 in Ice Magic
 34549 | Spider:3 | Reached XP level 17. HP: 104/104 MP: 34/34
 34561 | Spider:3 | Noticed Arachne
 34578 | Spider:3 | Killed Arachne
 35307 | Spider:4 | Entered Level 4 of the Spider Nest
 36974 | Spider:4 | Identified the -2 hat of Rotation {rElec Slay+4}
 37472 | Spider:4 | Reached skill level 10 in Ice Magic
 37576 | Spider:4 | Got a gossamer rune of Zot
 38281 | Shoals:1 | Entered Level 1 of the Shoals
 38454 | Shoals:1 | Found the +5 scythe "Finisher" {speed, eviscerate}
 39612 | Shoals:2 | Noticed a kraken
 39632 | Shoals:2 | Found a runed translucent gate.
 39632 | Shoals:2 | Found a runed translucent gate.
 39632 | Shoals:2 | Found a runed translucent gate.
 39633 | Shoals:2 | Found an opulent altar of Gozag.
 39633 | Shoals:2 | Noticed Zuxu Cyl's ghost (adept GrEE)
 39675 | Shoals:2 | Found Cuxabygu's Assorted Antiques.
 39734 | Shoals:2 | Found Anamyqil's One-of-a-Kind Rings.
 40259 | Shoals:3 | Learned a level 5 spell: Freezing Cloud
 40291 | Shoals:3 | Reached XP level 18. HP: 65/109 MP: 37/37
 40294 | Shoals:3 | Reached skill level 1 in Air Magic
 40357 | Shoals:3 | Acquired a wand of quicksilver (5)
 40970 | Shoals:3 | Found Diefuha's Visitors' Centre.
 40975 | Shoals:3 | Found Diefuha's Merfolk Magic.
 40975 | Shoals:3 | Found Diefuha's Merfolk Weapons.
 40988 | Shoals:3 | Reached skill level 5 in Air Magic
 41142 | Shoals:3 | Reached XP level 19. HP: 115/115 MP: 38/38
 41143 | Shoals:3 | Reached skill level 10 in Conjurations
 41143 | Shoals:3 | Reached XP level 20. HP: 120/120 MP: 39/39
 41150 | Shoals:3 | Bought a wand of iceblast (3) for 122 gold pieces
 41155 | Shoals:3 | Bought a throwing net for 36 gold pieces
 41165 | Shoals:3 | Bought Sif Muna's Catalogue of the Legion for 374 gold
                  | pieces
 41172 | Shoals:3 | Learned a level 5 spell: Summon Forest
 41391 | Shoals:4 | Entered Level 4 of the Shoals
 41398 | Shoals:4 | Reached skill level 1 in Summonings
 41670 | Shoals:4 | Found Eriggokh's Antique Weapon Shoppe.
 41696 | Shoals:4 | Bought a polished sling for 156 gold pieces
 41696 | Shoals:4 | Identified the +5 sling "Fogour" {speed, rCorr Str+4} (You
                  | bought it in a shop on level 4 of the Shoals)
 41939 | Shoals:4 | Identified Sif Muna's Omnibus of Pollution and Earth
 42186 | Shoals:4 | Reached skill level 5 in Summonings
 42196 | Shoals:4 | Got a barnacled rune of Zot
 42495 | Shoals:4 | Found Geyti's Antique Weapon Shoppe.
 42513 | Shoals:4 | Learned a level 5 spell: Lee's Rapid Deconstruction
 43371 | Elf:1    | Entered Level 1 of the Elven Halls
 44112 | Elf:1    | Reached skill level 10 in Spellcasting
 44907 | Elf:1    | Paralysed by an air elemental for 1 turns
 45462 | Elf:2    | Reached XP level 21. HP: 124/127 MP: 43/43
 45646 | Elf:2    | Identified the Catalogue of Conjury
 45859 | Elf:2    | Identified the +2 bardiche of Fate {heavy, +Blink rN+
                  | Will-}
 45953 | Elf:2    | Found a runed translucent gate.
 45953 | Elf:2    | Found a runed translucent gate.
 45953 | Elf:2    | Found a runed translucent gate.
 45953 | Elf:2    | Found a runed translucent gate.
 45953 | Elf:2    | Found a runed translucent gate.
 45955 | Elf:2    | Found a runed translucent gate.
 46003 | Elf:2    | Found a huge runed translucent gate.
 46003 | Elf:2    | Found a huge runed translucent gate.
 46003 | Elf:2    | Found a huge runed translucent gate.
 46003 | Elf:2    | Found a huge runed translucent gate.
 46003 | Elf:2    | Found a huge runed translucent gate.
 46072 | Elf:2    | Learned a level 5 spell: Summon Mana Viper
 46211 | Elf:3    | Entered Level 3 of the Elven Halls
 46622 | Abyss:2  | Cast into level 2 of the Abyss (a deep elf demonologist)
 46683 | Elf:3    | Escaped the Abyss
 46714 | Elf:3    | HP: 6/123 [reaper/+2 scythe of venom[a deep elf
                  | demonologist] (11)]
 46719 | Elf:3    | HP: 5/125 [demonic crawler (1)]
 46723 | Elf:3    | Shot with an arrow by a deep elf archer

Illustrated notes

Levels and vault maps discovered:
D:1:      onia_arrival_zoo_common, layout_loops_corners,
          hellmonk_ecumenical_altar_heavens_door
D:2:      layout_loops_ring, uniq_robin, uniq_natasha
D:3:      layout_basic, lemuel_crystal_altar
D:4:      kennysheep_six_static_rooms, layout_basic,
          mainiacjoe_overflow_catwalk, nicolae_tso_besieged_by_evil
D:5:      layout_basic, minmay_temple_entry_fiery
D:6:      layout_loops_ring, nemelex_spade_bored_becter, uniq_maggie
D:7:      layout_rooms, tgw_fedhas, gammafunk_ghost_nasty_kobolds,
          kennysheep_generic_room_2
D:8:      layout_basic, uniq_pikel, uniq_psyche
D:9:      layout_loops_ring, nicolae_yredelemnul_ghost_church,
          david_lair_generic, orc_0_dummy, nicolae_shop_fire_sale
          [nicolae_sub_dead_trees], kennysheep_generic_room_16
D:10:     layout_irregular_city, minitemple
D:11:     layout_long_grid, uniq_urug
D:12:     layout_loops_ring
D:13:     layout_irregular_city, ximxim_vaults_locker_room,
          nicolae_elyvilon_temple_path
D:14:     layout_cave_pools, serial_shops, nicolae_lakefront_shop, nrook_uturn,
          uniq_kirke
D:15:     hangedman_depths_entry_try_elsewhere_first, layout_rooms,
          gammafunk_ghost_tricky_traps, serial_shops,
          nicolae_shop_window_shopping, zin_angel, chequers_big_river,
          uniq_rupert
Temple:   jpeg_temple_clearing
Lair:1:   layout_regular_city, basic_altar, nicolae_quartered_pool_super,
          evilmike_ambush [evilmike_ambush_outer_basic,
          evilmike_ambush_inner_basic], lemuel_fruit_fields
Lair:2:   layout_cave_pods, nicolae_spider_entry_non_spiders,
          grunt_forest_stairs_basic, disabler_island
Lair:3:   layout_regular_city, minmay_shoals_entry_beasts
Lair:4:   layout_regular_city, slime_entry_1, serial_bayou_shore_a,
          serial_bayou_shore_b
Lair:5:   grunt_lair_end_beastmaster, layout_loops_ring, serial_bayou_shore_b
Shoals:1: layout_shoals
Shoals:2: layout_shoals, ebering_ghost_gozag, nicolae_shop_unique_rings
Shoals:3: nicolae_shoals_mermall, layout_shoals,
          nicolae_shoals_water_elemental_grotto
Shoals:4: shoals_end_simple, layout_shoals, serial_shops, shop,
          nicolae_square_shop
Spider:1: layout_cave_pods
Spider:2: layout_spider_delve
Spider:3: layout_chambers, uniq_arachne
Spider:4: spider_rune_water
Orc:1:    layout_diamond_mine, lightli_volcano_entry_magma_tube, uniq_sonja
Orc:2:    pf_orc_diabolical, layout_caves, portal_ice_cave_rime,
          nicolae_shop_clearance
Elf:1:    eino_elf_arrival_sip, layout_onion_city, minivault_28
Elf:2:    elven_hall_of_blades_hangedman_alternative
          [mumra_blade_entry_bloodbath], layout_geoelf_grid,
          small_statue_intersection, drop_trap, orc_legates
Elf:3:    grunt_elf_hall_branching, layout_geoelf_octagon,
          einodemon_crawler_minivault

Skill      XL: |  1  2  3  4  5  6  7  8  9 10 11 12 13 14 15 16 17 18 19 20 21 |
---------------+----------------------------------------------------------------+-----
Stealth        | 5 6 7 8 |  8.4
Shields        | 1 3 4 |  4.0
Short Blades   | 3 4 7 |  7.6
Maces & Flails | 1 6 8 10 12 | 12.7
Fighting       | 6 10 11 12 | 12.4
Dodging        | 6 |  6.7
Spellcasting   | 4 6 8 10 | 10.8
Conjurations   | 4 7 8 9 10 | 10.3
Evocations     | 4 6 7 |  7.3
Armour         | 4 7 |  7.6
Hexes          | 5 6 9 |  9.0
Translocations | 5 6 |  6.9
Ice Magic      | 4 6 10 | 10.9
Throwing       | 4 |  4.1
Earth Magic    | 5 7 |  7.9
Air Magic      | 5 |  5.7
Summonings     | 8 9 |  9.6

Action                   |  1- 3 |  4- 6 |  7- 9 | 10-12 | 13-15 | 16-18 | 19-21 || total
-------------------------+-------+-------+-------+-------+-------+-------+-------++-------
Melee: Dagger            |    67 |    21 |    15 |    83 |   401 |   591 |     7 ||  1185
       Bite              |    19 |    27 |    83 |   273 |   872 |   794 |   274 ||  2342
       Punch             |     1 |     1 |       |       |       |       |       ||     2
       Whip              |     5 |   118 |   237 |   553 |  1006 |   839 |   565 ||  3323
       Flail             |       |       |       |       |   312 |    97 |       ||   409
 Fire: Sling             |       |       |       |       |       |       |     5 ||     5
Throw: Dart              |     2 |       |     1 |    15 |     5 |       |       ||    23
       Boomerang         |       |       |       |       |     1 |     1 |       ||     2
       Throwing net      |       |       |       |       |     1 |       |       ||     1
 Cast: Searing Ray       |       |       |       |     1 |    37 |     6 |       ||    44
       Foxfire           |       |       |       |       |    55 |     7 |       ||    62
       Iskenderun's Myst |       |       |       |       |    10 |    18 |    16 ||    44
       Confusing Touch   |       |       |       |       |     8 |     2 |       ||    10
       Dazzling Flash    |       |       |       |       |     3 |     2 |       ||     5
       Tukima's Dance    |       |       |       |       |     1 |       |     2 ||     3
       Kiss of Death     |       |       |       |       |     1 |       |       ||     1
       Stone Arrow       |       |       |       |       |     2 |    40 |    37 ||    79
       Cause Fear        |       |       |       |       |     1 |     2 |       ||     3
       Hailstorm         |       |       |       |       |       |     4 |       ||     4
       Frozen Ramparts   |       |       |       |       |       |     9 |     3 ||    12
       Metabolic Englaci |       |       |       |       |       |     6 |     6 ||    12
       Freezing Cloud    |       |       |       |       |       |       |    14 ||    14
       Lee's Rapid Decon |       |       |       |       |       |       |    10 ||    10
       Summon Forest     |       |       |       |       |       |       |     3 ||     3
Invok: Curse Item        |       |       |     1 |     4 |     4 |     2 |     2 ||    13
       Shatter the Chain |       |       |       |     1 |       |     3 |       ||     4
Evoke: Wand              |       |       |       |       |     6 |     8 |     5 ||    19
       Box of beasts     |       |       |       |       |     5 |       |       ||     5
       Tin of tremorston |       |       |       |       |     4 |     3 |     1 ||     8
       Lightning rod     |       |       |       |       |       |       |     3 ||     3
  Use: Scroll            |     6 |     7 |     5 |     5 |    25 |    10 |     1 ||    59
       Potion            |       |       |     2 |     1 |     8 |     4 |     6 ||    21
 Stab: Sleeping          |    18 |    15 |    20 |    21 |    19 |    29 |    16 ||   138
       Distracted        |       |       |     1 |       |    11 |     2 |     7 ||    21
       Confused          |       |       |       |       |    14 |     4 |       ||    18
       Invisible         |       |       |       |       |       |     1 |       ||     1
Armor: Robe              |     9 |    46 |    43 |     3 |       |       |       ||   101
       Steam dragon scal |       |       |       |   103 |   206 |    12 |       ||   321
       Swamp dragon scal |       |       |       |       |       |   455 |   110 ||   565
Dodge: Dodged            |    20 |    75 |    60 |   167 |   673 |   719 |   248 ||  1962
Block: Buckler           |       |    38 |   116 |   312 |   945 |   994 |   325 ||  2730
       Reflection        |       |       |     2 |    11 |     9 |    27 |    41 ||    90

Table legend: (Time is in decaauts)
 A = Elapsed time spent in this place.
 B = Non-inter-level travel time spent in this place.
 C = Inter-level travel time spent in this place.
 D = Time resting spent in this place.
 E = Time spent auto-exploring this place.
 F = Levels seen in this place.
 G = Mean time per level.
                   A        B        C        D        E       F      G
               +--------+--------+--------+--------+--------+-----+--------+
         Total |  45412 |  43209 |   2203 |  13612 |  18035 |  35 | 1297.5 |
       Dungeon |  18982 |  17831 |   1151 |   5505 |   8112 |  15 | 1265.5 |
        Temple |    199 |    178 |     21 |      0 |     59 |   1 |  199.0 |
          Lair |   6235 |   5906 |    329 |    612 |   3696 |   5 | 1247.0 |
        Shoals |   5103 |   4764 |    339 |   1266 |   1759 |   4 | 1275.8 |
   Spider Nest |   7762 |   7570 |    192 |   2988 |   2831 |   4 | 1940.5 |
  Orcish Mines |   3934 |   3799 |    135 |   1971 |    546 |   2 | 1967.0 |
   Elven Halls |   3142 |   3109 |     33 |   1269 |   1030 |   3 | 1047.3 |
         Abyss |     52 |     52 |      0 |      0 |      0 |   1 |   52.0 |
               +--------+--------+--------+--------+--------+-----+--------+

Top non-repeatable levels by time:
   Orc:2: 3370 daAuts
Spider:4: 2703 daAuts
    D:14: 2413 daAuts
    D:13: 2304 daAuts
Spider:3: 1973 daAuts
  Lair:5: 1872 daAuts
    D:11: 1753 daAuts
Spider:2: 1729 daAuts
    D:15: 1723 daAuts
   Elf:1: 1660 daAuts
     D:9: 1609 daAuts
Shoals:3: 1582 daAuts
Shoals:4: 1503 daAuts
   Elf:2: 1412 daAuts
     D:8: 1378 daAuts
